 Dungeon Crawl Stone Soup version 0.31.0-32-g396128a36d (webtiles) character file.

Game seed: 11299934180209633137

36987 ripuliukko the Thaumaturge (level 13, -4/69 HPs)
             Began as a Gargoyle Earth Elementalist on Apr 7, 2024.
             Was a Priest of Vehumet.
             Slain by a flayed ghost (9 damage)
             ... on level 15 of the Dungeon.
             The game lasted 00:25:33 (21511 turns).

ripuliukko the Thaumaturge (GrEE)                  Turns: 21511, Time: 00:25:34

Health: -4/69      AC: 30    Str: 13    XL:     13   Next: 93%
Magic:  4/30       EV: 11    Int: 20    God:    Vehumet [***...]
Gold:   788        SH:  4    Dex: 10    Spells: 28/39 levels left

rFire   + . .        F - staff of fire
rCold   + . .        a - +0 buckler
rNeg    + . .        T - +2 robe {rC+}
rPois   ∞            j - +2 helmet
rElec   +            n - +0 cloak
rCorr   .            G - +2 pair of gloves {Stlth+}
SInv    .            R - +0 pair of boots
Will    .....        (no amulet)
Stlth   +++          f - +4 ring of protection
HPRegen 0.31/turn    v - +4 ring of protection
MPRegen 0.22/turn

%: no passive effects
@: no status effects
A: sickness immunity, AC +9, negative energy resistance 1, electricity
resistance, torment resistance 1, petrification resistance
a: Renounce Religion


You were on level 15 of the Dungeon.
You worshipped Vehumet.
Vehumet was most pleased with you.
You visited 4 branches of the dungeon, and saw 20 of its levels.
You also visited: Sewer.

You collected 1162 gold pieces.
You spent 374 gold pieces at shops.

Inventory:

Hand Weapons
 y - a +1 quarterstaff of chaos
Missiles
 p - 2 throwing nets
Armour
 a - a +0 buckler (worn)
 j - a +2 helmet (worn)
 n - a +0 cloak (worn)
 G - a +2 pair of gloves of stealth (worn)
 R - a +0 pair of boots (worn)
 S - a +0 robe of resistance
 T - a +2 robe of cold resistance (worn)
Magical Staves
 F - a staff of fire (weapon)
Jewellery
 f - a +4 ring of protection (left hand)
 h - a +6 ring of strength
 t - a ring of protection from fire
 v - a +4 ring of protection (right hand)
Wands
 e - a wand of paralysis (19)
 i - a wand of polymorph (22)
 k - a wand of iceblast (3)
 w - a wand of flame (3)
 M - a wand of light (10)
 U - a wand of mindburst (4)
Scrolls
 b - a scroll of amnesia {unknown}
 l - 5 scrolls of teleportation
 m - a scroll of vulnerability
 o - 4 scrolls of poison
 r - a scroll of fear
 x - a scroll of blinking
 E - 3 scrolls of immolation
 H - 2 scrolls of enchant armour
 J - a scroll of revelation
 K - a scroll of torment
 L - 3 scrolls of summoning
 O - 2 scrolls of fog
 P - a scroll of enchant weapon
Potions
 c - 2 potions of lignification
 d - a potion of might
 g - a potion of resistance
 q - 2 potions of mutation
 s - 5 potions of haste
 u - 2 potions of cancellation
 z - 5 potions of curing
 A - 3 potions of enlightenment
 B - a potion of invisibility {unknown}
 C - 3 potions of degeneration
 D - 3 potions of heal wounds
 I - 3 potions of attraction
Miscellaneous
 N - a sack of spiders
 Q - a tin of tremorstones (2/2)
 V - a phantom mirror


   Skills:
 + Level 3.4 Fighting
 + Level 3.3 Staves
 + Level 2.1 Armour
 + Level 2.4 Dodging
 + Level 3.8 Stealth
 * Level 3.3 Shields
 * Level 13.5 Spellcasting
 * Level 11.4 Conjurations
 + Level 4.6 Fire Magic
 + Level 13.0 Earth Magic
 * Level 6.9 Evocations


You had 28 spell levels left.
You knew the following spells:

 Your Spells              Type           Power      Damage    Failure   Level
a - Sandblast             Erth           100%       2d20      1%          1
c - Mephitic Cloud        Conj/Alch/Air  28%        N/A       1%          3
q - Stone Arrow           Conj/Erth      100%       3d13      1%          3
w - Brom's Barrelling Bo  Conj/Erth      58%        2d7       1%          4

Your spell library contained the following spells:

 Spells                   Type           Power      Damage    Failure   Level
 Magic Dart               Conj           100%       1d8       1%          1
 Sting                    Conj/Alch      100%       1d9       1%          1
 Searing Ray              Conj           100%       2d8       1%          2
 Passwall                 Erth           60%        N/A       1%          3
 Fulminant Prism          Conj/Alch      18%        3d10      1%          4
 Petrify                  Alch/Erth      39%        N/A       4%          4
 Apportation              Tloc           26%        N/A       7%          1
 Necrotise                Necr           52%        1d6       7%          1
 Summon Small Mammal      Summ           52%        N/A       7%          1
 Call Imp                 Summ           26%        N/A       10%         2
 Tukima's Dance           Hex            13%        N/A       21%         3
 Vampiric Draining        Necr           13%        2d6       21%         3
 Yara's Violent Unravell  Hex/Alch       6%         3d5       41%         5
 Martyr's Knell           Necr/Summ      13%        N/A       54%         4
 Passage of Golubria      Tloc           13%        N/A       54%         4
 Curse of Agony           Necr           13%        N/A       88%         5
 Summon Hydra             Summ           6%         N/A       100%        7
 Sublimation of Blood     Necr           Unusable   N/A       N/A         2

Dungeon Overview and Level Annotations

Branches:
Dungeon (15/15)            Temple (1/1) D:6            Lair (2/5) D:11
    Orc (2/2) D:11         Vaults (0/5) D:14         Depths (0/4) D:15
  Sewer (visited)
  Swamp: Lair:2-3    Shoals: Lair:2-3     Snake: Lair:2-3    Spider: Lair:2-3
    Elf: Orc:2

Altars:
Ashenzari
Cheibriados
Dithmenos
Elyvilon
Fedhas
Gozag
Hepliaklqana
Kikubaaqudgha
Makhleb
Nemelex Xobeh
Okawaru
Qazlal
Ru
Sif Muna
Trog
Uskayaw
Vehumet
Wu Jian
Xom
Yredelemnul
Zin
The Shining One

Shops:
D:5 !   D:8 *   D:9 ?

Portals:
Trove: D:14 (give +7 demon whip)

Annotations:
Orc:2 Erolcha


Innate Abilities, Weirdness & Mutations

You are immune to sickness and miasma.
Your stone body is resilient. (AC +9)
You are immune to poison.
You resist negative energy. (rN+)
You are resistant to electric shocks. (rElec)
You are resistant to unholy torment.
You are immune to petrification.


Message History

The flayed ghost hits you.
* * * LOW HITPOINT WARNING * * *
Unknown command.
Blink to where?
Press: ? - help, Dir - move target, p - storm dragon skeleton
As you read the scroll of blinking, it crumbles to dust.
You start resting.
A flayed ghost is nearby!
A flayed ghost is nearby!
Aiming: Paralyse
Press: ? - help, Shift-Dir - straight line, f - flayed ghost
Aim: a flayed ghost (moderately damaged, chance to affect: 31%)
The flayed ghost easily resists.
Unknown command.
Aiming: Bolt of Light
Press: ? - help, Shift-Dir - straight line, f - spark wasp zombie, p - flayed ghost
Aim: a spark wasp zombie (almost destroyed, 77% to hit)
The bolt of light misses the flayed ghost.
The bolt of light hits the spark wasp zombie!
You destroy the spark wasp zombie!
Vehumet accepts your kill.
You feel your power returning.
Unknown command.
Casting: Sandblast (safe; 1% risk of failure)
Confirm with . or Enter, or press ? or * to list all spells.
Aiming: Stone Arrow (safe; 1% risk of failure)
Press: ? - help, Shift-Dir - straight line, f - flayed ghost
Aim: a flayed ghost (moderately damaged, 66% to hit)
The stone arrow misses the flayed ghost.
The flayed ghost hits you but does no damage.
Unknown command.
Unknown command.
Casting: Stone Arrow (safe; 1% risk of failure)
Confirm with . or Enter, or press ? or * to list all spells.
Aiming: Stone Arrow (safe; 1% risk of failure)
Press: ? - help, Shift-Dir - straight line, f/p - flayed ghost
Aim: a flayed ghost (moderately damaged, 66% to hit)
The stone arrow misses the flayed ghost.
The flayed ghost hits you!
You die...

########################
.......@W...............
.....#####.......#######
... #.......# .
#.......# #.......#
#.......# #.......#
#.......### #.......W.#


You could see a flayed ghost.

Vanquished Creatures
  Josephine (D:11)
  A catoblepas (D:15)
  A rakshasa (D:11)
  A vault guard (D:13)
  2 centaur warriors
  A boulder beetle (D:12)
  A dancing weapon (D:13)
  5 two-headed ogres
  An orc high priest (Orc:1)
  Urug (D:11)
  A spark wasp zombie (D:15)
  A fire crab (D:11)
  7 skeletal warriors
  2 deep elf pyromancers
  10 ugly things
  5 elephants (Lair:2)
  2 cyclopes
  A manticore (D:13)
  2 kobold blastminers (Orc:1)
  A black mamba (shapeshifter) (D:14)
  A gargoyle (D:11)
  Joseph (Lair:1)
  2 cane toads (Lair:1)
  A komodo dragon (Lair:1)
  An efreet (D:14)
  3 trolls
  3 wyverns
  A centaur simulacrum (D:15)
  A vampire (D:13)
  2 shadows
  A yak (shapeshifter) (D:14)
  16 yaks
  8 wraiths
  10 vampire mosquitoes
  2 steam dragons
  An acid dragon (D:13)
  4 water moccasins
  An ice beast (D:8)
  11 orc warriors
  12 centaurs
  5 ogres
  A phantom (D:5)
  2 kobold brigands
  3 bullfrogs
  3 scorpions
  A gnoll sergeant (D:11)
  17 wights
  5 howler monkeys
  13 orc priests
  3 hounds
  2 bombardier beetles
  4 jellies
  2 sleepcaps
  4 iguanas
  23 orc wizards
  Ijyb (D:3)
  Natasha (thrice) (D:4)
  A hell rat (Sewer)
  Robin (D:2)
  8 gnolls
  6 adders
  2 river rats (Sewer)
  A shadow imp (D:6)
  A white imp (D:5)
  2 ufetubi (D:7)
  2 dart slugs
  A ribbon worm (D:4)
  32 orcs
  4 ball pythons
  8 endoplasms
  8 giant cockroaches
  10 hobgoblins
  3 jackals (D:2)
  12 kobolds
  7 quokkas
  3 bats
  3 frilled lizards
  13 goblins
  11 rats
360 creatures vanquished.

Vanquished Creatures (collateral kills)
  8 boulders
8 creatures vanquished.

Vanquished Creatures (others)
  7 boulders
7 creatures vanquished.

Grand Total: 375 creatures vanquished

Notes
Turn   | Place    | Note
-------+----------+-------------------------------------------
     0 | D:1      | ripuliukko the Gargoyle Earth Elementalist began the quest
                  | for the Orb.
     0 | D:1      | Reached XP level 1. HP: 10/10 MP: 3/3
   204 | D:1      | Reached XP level 2. HP: 15/15 MP: 0/5
   435 | D:1      | Found a faded altar of an unknown god.
   845 | D:2      | Reached XP level 3. HP: 19/19 MP: 4/6
   848 | D:2      | Noticed Robin
   952 | D:2      | Killed Robin
  1341 | D:2      | Found a sacrificial altar of Ru.
  1349 | D:2      | Reached XP level 4. HP: 24/24 MP: 4/7
  2138 | D:3      | Reached skill level 5 in Earth Magic
  2316 | D:3      | Reached XP level 5. HP: 28/28 MP: 7/9
  2389 | D:3      | Noticed Ijyb
  2408 | D:3      | Killed Ijyb
  2461 | D:3      | Found a bloodstained altar of Trog.
  2917 | D:4      | Noticed Natasha
  2927 | D:4      | Killed Natasha
  2999 | D:4      | Reached XP level 6. HP: 15/32 MP: 2/11
  3118 | D:4      | Learned a level 3 spell: Stone Arrow
  3194 | D:4      | Found a blossoming altar of Fedhas.
  3432 | D:4      | Found a glowing golden altar of the Shining One.
  3434 | D:4      | Found a sparkling altar of Nemelex Xobeh.
  3443 | D:4      | Reached XP level 7. HP: 36/36 MP: 6/13
  3448 | D:4      | Learned a level 4 spell: Brom's Barrelling Boulder
  3610 | D:4      | Noticed Natasha
  3614 | D:4      | Killed Natasha
  3644 | D:4      | Noticed Natasha
  3658 | D:4      | Found a hazy altar of Hepliaklqana.
  3894 | D:4      | Killed Natasha
  3923 | D:5      | Entered Level 5 of the Dungeon
  4041 | D:5      | Reached skill level 5 in Spellcasting
  4183 | D:5      | Reached skill level 1 in Evocations
  4422 | D:5      | Found Daloucs's Distillery.
  4425 | D:5      | Found an iron altar of Okawaru.
  4433 | D:5      | Reached XP level 8. HP: 39/41 MP: 11/16
  4471 | D:5      | Bought a potion of curing for 30 gold pieces
  4471 | D:5      | Bought a potion of haste for 100 gold pieces
  4471 | D:5      | Bought a potion of mutation for 80 gold pieces
  4954 | D:5      | Found a faded altar of an unknown god.
  4954 | D:5      | Found a sacrificial altar of Ru.
  4961 | D:5      | Found a white marble altar of Elyvilon.
  4963 | D:5      | Found an ornate altar of the Wu Jian Council.
  4965 | D:5      | Found a shadowy altar of Dithmenos.
  5116 | D:6      | Found a glowing drain.
  5127 | Sewer    | Entered a sewer
  5421 | D:6      | Found a staircase to the Ecumenical Temple.
  5428 | Temple   | Entered the Ecumenical Temple
  5588 | D:6      | Reached skill level 1 in Staves
  6215 | D:7      | Reached XP level 9. HP: 46/46 MP: 15/19
  6469 | D:7      | Found a stormy altar of Qazlal.
  6525 | D:7      | Reached skill level 1 in Fighting
  7526 | D:8      | Noticed a two-headed ogre
  7542 | D:8      | Killed a two-headed ogre
  7543 | D:8      | Reached skill level 1 in Fire Magic
  7775 | D:8      | Found an opulent altar of Gozag.
  7777 | D:8      | Found Gozag's Platinum Reserve.
  7795 | D:8      | Identified a scroll of acquirement
  7795 | D:8      | Acquired a +2 pair of gloves of stealth
  7884 | D:8      | Reached XP level 10. HP: 52/52 MP: 20/22
  8307 | D:8      | Found a broken altar of Ashenzari.
  8803 | D:9      | Reached skill level 10 in Earth Magic
  8916 | D:9      | Reached skill level 5 in Conjurations
  9368 | D:9      | Found a radiant altar of Vehumet.
  9373 | D:9      | Became a worshipper of Vehumet
  9390 | D:9      | Found an ancient bone altar of Kikubaaqudgha.
  9412 | D:9      | Found a shimmering blue altar of Sif Muna.
 10161 | D:9      | Found Ceiddam's Magic Scroll Shoppe.
 10168 | D:9      | Bought a scroll of blinking for 82 gold pieces
 10168 | D:9      | Bought a scroll of revelation for 82 gold pieces
 10567 | D:10     | Entered Level 10 of the Dungeon
 10704 | D:10     | Reached skill level 10 in Spellcasting
 10719 | D:10     | Reached XP level 11. HP: 31/56 MP: 3/25
 11142 | D:10     | Noticed a two-headed ogre
 11145 | D:10     | Killed a two-headed ogre
 11145 | D:10     | Noticed a two-headed ogre
 11150 | D:10     | Killed a two-headed ogre
 11559 | D:11     | Reached * piety under Vehumet
 11559 | D:11     | Offered knowledge of Foxfire by Vehumet.
 11613 | D:11     | You fall into a shaft and drop 1 floor!
 11633 | D:12     | Noticed a centaur warrior
 11771 | D:12     | Killed a centaur warrior
 12037 | D:11     | Noticed a rakshasa
 12037 | D:11     | Noticed a cyclops
 12040 | D:11     | Killed a cyclops
 12049 | D:11     | Killed a rakshasa
 12362 | D:11     | Noticed Josephine
 12372 | D:11     | Killed Josephine
 12569 | D:11     | Found a staircase to the Lair.
 12847 | D:11     | Found a staircase to the Orcish Mines.
 12946 | D:11     | Noticed a fire crab
 12955 | D:11     | Killed a fire crab
 12956 | D:11     | Reached skill level 5 in Evocations
 12956 | D:11     | Reached XP level 12. HP: 54/64 MP: 15/27
 13126 | D:11     | Noticed Urug
 13132 | D:11     | Killed Urug
 13543 | D:12     | Reached ** piety under Vehumet
 13547 | D:12     | Offered knowledge of Scorch by Vehumet.
 13673 | D:12     | Noticed a boulder beetle
 13682 | D:12     | Killed a boulder beetle
 14134 | D:12     | Noticed a two-headed ogre
 14147 | D:12     | Killed a two-headed ogre
 14709 | Lair:1   | Entered Level 1 of the Lair of Beasts
 14777 | Lair:1   | Noticed Joseph
 14785 | Lair:1   | Killed Joseph
 16060 | Lair:2   | Reached skill level 1 in Armour
 16417 | Orc:1    | Entered Level 1 of the Orcish Mines
 17063 | Orc:1    | Reached skill level 10 in Conjurations
 17114 | Orc:1    | Noticed an orc high priest
 17120 | Orc:1    | Killed an orc high priest
 17121 | Orc:1    | Reached XP level 13. HP: 49/68 MP: 24/29
 17299 | Orc:1    | Offered knowledge of Inner Flame by Vehumet.
 17563 | Orc:2    | Entered Level 2 of the Orcish Mines
 17563 | Orc:2    | Noticed Erolcha
 18236 | D:13     | Reached *** piety under Vehumet
 18237 | D:13     | Reached skill level 1 in Shields
 18944 | D:14     | Noticed a vault guard
 19290 | D:13     | Killed a vault guard
 19591 | D:14     | Found a portal to a secret trove of treasure.
 20326 | D:14     | Found a gate to the Vaults.
 20572 | D:14     | Offered knowledge of Mephitic Cloud by Vehumet.
 20579 | D:14     | Learned a level 3 spell: Mephitic Cloud
 21019 | D:15     | Entered Level 15 of the Dungeon
 21411 | D:15     | Identified the +3 leather armour "Uzozyir" {rN+}
 21461 | D:15     | Identified the +5 morningstar of Jatackep {drain, rN+++
                  | rCorr Str-3 Stlth+}
 21478 | D:15     | Found a staircase to the Depths.
 21498 | D:15     | HP: 1/69 [flayed ghost (6)]
 21511 | D:15     | Slain by a flayed ghost

Illustrated notes

Levels and vault maps discovered:
D:1:      minmay_arrival_checkered_box, layout_basic,
          dreamdust_ecumenical_altar_hidden_monk_grotto
D:2:      layout_loops_ring, basic_altar, uniq_robin
D:3:      layout_loops_ring, mainiacjoe_overflow_alcove_1, grunt_ministairs_11,
          uniq_ijyb
D:4:      layout_basic, general_overflow_altar, mainiacjoe_overflow_catwalk,
          jmf_multi_god_temple, uniq_natasha
D:5:      layout_loops_corners, chequers_temple_overflow_minitemple,
          okawaru_gym_becter, serial_shops, shop
D:6:      layout_loops_ring, minmay_temple_entry_grid, gup_sewer_entry_bubbles
D:7:      layout_gridville, old_standard_altar, nicolae_twisty_statue_hallways
D:8:      layout_basic, kennysheep_mini_moat, nicolae_gozag_zags_fifth_avenue
D:9:      layout_loops_cross, palyth_temple_overflow_mages, serial_shops,
          nicolae_shop_rolling_square
D:10:     layout_loops_ring, minivault_26, minivault_19,
          grunt_decor_mini_mirrors
D:11:     layout_irregular_city, minmay_lair_entry_lava, david_orc_2,
          uniq_josephine, uniq_urug
D:12:     layout_roguey, minmay_misc_feat_nine_boxes
D:13:     layout_long_grid, serial_bayou_crossing
D:14:     layout_loops_ring, erik_vaults_1, nicolae_trove_entry_isolated
D:15:     gammafunk_depths_entry_grave, layout_long_grid, serial_glass,
          glass_columns_b, glass_columns_a, minmay_ruined_shrine, uniq_rupert
Temple:   nicolae_temple_bog_church
Lair:1:   layout_regular_city, wad_woods_road_05, uniq_joseph
Lair:2:   regret_index_malice_mire, layout_regular_city,
          minmay_swamp_entry_swarm, minmay_snake_entry_guardpost_medium,
          basic_altar, uniq_gastronok
Orc:1:    layout_caves
Orc:2:    st_orc_town, layout_caves, basic_altar, nicolae_shop_gadgets,
          uniq_erolcha

Skill      XL: |  1  2  3  4  5  6  7  8  9 10 11 12 13 |
---------------+----------------------------------------+-----
Earth Magic    | 4 5 7 8 9 10 11 12 13 | 13.0
Dodging        | 2 |  2.4
Stealth        | 3 |  3.8
Spellcasting   | 3 4 5 7 8 10 11 12 13 | 13.5
Evocations     | 1 2 3 4 5 6 |  6.9
Conjurations   | 2 3 4 6 8 10 11 | 11.4
Staves         | 1 2 3 |  3.3
Fighting       | 1 3 |  3.4
Fire Magic     | 1 3 4 |  4.6
Armour         | 1 2 |  2.1
Shields        | 3 |  3.3

Action                     |  1- 3 |  4- 6 |  7- 9 | 10-12 | 13-15 || total
---------------------------+-------+-------+-------+-------+-------++-------
  Melee: Club              |    36 |       |       |       |       ||    36
         Whip              |       |     2 |       |       |       ||     2
         Quarterstaff      |       |       |    43 |       |       ||    43
         Staff             |       |       |       |    60 |     6 ||    66
         Punch             |       |       |       |     2 |       ||     2
   Cast: Sandblast         |    52 |    85 |   122 |    24 |     6 ||   289
         Stone Arrow       |       |       |    14 |   296 |   166 ||   476
         Brom's Barrelling |       |       |     7 |     8 |     5 ||    20
         Mephitic Cloud    |       |       |       |       |     1 ||     1
  Evoke: Wand              |       |     5 |       |    18 |     4 ||    27
         Sack of spiders   |       |       |       |     1 |       ||     1
    Use: Scroll            |     1 |     4 |    14 |     3 |     3 ||    25
         Potion            |       |     4 |       |     6 |     1 ||    11
   Stab: Invisible         |       |       |       |     1 |       ||     1
 Armour: Robe              |    44 |    36 |    82 |   238 |   115 ||   515
         Skin              |     1 |       |       |       |       ||     1
  Dodge: Dodged            |    50 |    51 |    70 |   154 |    32 ||   357
  Block: Buckler           |       |       |       |       |    13 ||    13
